 Dungeon Sprint DCSS version 0.21.0-24-g2553a33 (webtiles) character file.

3200000 letownia2 the Conqueror (level 24, -12/227 HPs)
             Began as a Barachi Fighter on Jan 21, 2018.
             Was a High Priest of Makhleb.
             Mangled by a meat berserker
             ... wielding a +9 battleaxe
              (59 damage)
             ... in the Dungeon (Sprint VIII: "Arena of Blood").
             The game lasted 00:01:32 (32 turns).

letownia2 the Conqueror (Barachi Fighter)             Turns: 32, Time: 00:01:33

Health: -12/227    AC: 13    Str: 20    XL:     24   Next: 42%
Magic:  22/54      EV: 31    Int: 10    God:    Makhleb [*****.]
Gold:   0          SH:  0    Dex: 20    Spells: 77/77 levels left

rFire    . . .     SeeInvis .   l - +∞ Axe of Woe
rCold    . . .     Gourm    .   (shield currently unavailable)
rNeg     . . .     Faith    .   b - +0 scale mail
rPois    .         Spirit   .   (no helmet)
rElec    .         Reflect  .   (no cloak)
rCorr    .         Harm     .   (no gloves)
MR       +....     NoTele   +   (no boots)
Stlth    ++++++++..             (no amulet)
HPRegen  0.47/turn              (no ring)
MPRegen  0.34/turn              (no ring)

@: can't hop, slow
A: +LOS, swims, slowness 1, strong legs 2
a: Hop, Minor Destruction, Lesser Servant of Makhleb, Major Destruction, Greater
Servant of Makhleb, Renounce Religion


You were in the Dungeon.
You worshipped Makhleb.
Makhleb was extremely pleased with you.
You were not hungry.

You visited 1 branch

Inventory:

Hand Weapons
 a - a +0 war axe
 l - the +∞ Axe of Woe (weapon)
   (You found it in the Dungeon)
Armour
 b - a +0 scale mail (worn)
 c - a +0 shield
Scrolls
 k - a scroll of blinking
Potions
 d - a potion of might
 e - a potion of curing
 g - a potion of heal wounds
 h - a potion of haste
 i - 2 potions of magic
 j - a potion of berserk rage
Comestibles
 f - a ration


   Skills:
 O Level 27 Fighting
 O Level 27 Axes
 O Level 27 Throwing
 O Level 27 Armour
 O Level 27 Dodging
 O Level 27 Stealth
 O Level 27 Shields
 O Level 27 Unarmed Combat
 O Level 27 Spellcasting
 O Level 27 Invocations


You had 77 spell levels left.
You didn't know any spells.

Dungeon Overview and Level Annotations

Branches:
Dungeon (1/1)

Altars:
Makhleb


Innate Abilities, Weirdness & Mutations

Shadows flee at your approach. (+LOS)
You can swim through water.
You cover ground slowly.
You can hop long distances.


Message History

A sculptor of flesh comes into view. It is wielding a +9 great sword.
The destroyer blinks!
The meat berserker rages. 2 orcs and a two-headed ogre come into view.
Unknown command.
Unknown command. 2 orcs and an ogre come into view.
The bag of meat shouts! x2; You hear a shout! x5
The destroyer hits you with a +9 great sword of slicing!!!!!
Ouch! That really hurt!
* * * LOW HITPOINT WARNING * * *
The destroyer bites you but does no damage.
You hear a shout! x2
The meat berserker rages. x2
The bag of meat moves out of view.
The bag of meat hits you but does no damage. x2
The destroyer blinks!
You hear a shout!
The meat berserker hits you with a +9 battleaxe!!!
You die...

............O.........o.
...................o#..
#. .....#..o..O.....o.
#.......#.....o..o.o##.
##.......###...o.ooO...
.O..###.......o§oooo###..
....)_)......))O)ooo..o..
..#.))).#...oVoo#O#o.o...
#_)<._#...O)Oo@VoOoO.o.
#.o...#.....o#o#o#..O..
....O_.......§..O..o. ..
....###.....o...#o#.#..
##.. ....###....... ..#..
#.......# ......... .. .
#.......#........... # ..
.o ..........O.o. ...
.....#.. #o...


You could see 2 destroyers, 5 large bags of meat, 7 meat berserkers and 35 bags
of meat.

Vanquished Creatures
  A vampire knight (D)
  14 ogres (D)
  16 orcs (D)
31 creatures vanquished.

Notes
Turn   | Place    | Note
-------+----------+-------------------------------------------
     0 | D        | Found the +∞ Axe of Woe
     0 | D        | letownia2 the Barachi Fighter began the quest for the Orb.
     0 | D        | Reached XP level 1. HP: 18/18 MP: 1/1
     2 | D        | Noticed a bag of meat
     3 | D        | Noticed a bag of meat
     3 | D        | Noticed a bag of meat
     4 | D        | Noticed a bag of meat
     5 | D        | Noticed a bag of meat
     5 | D        | Noticed a bag of meat
     5 | D        | Noticed a bag of meat
     7 | D        | Noticed a meat berserker
     7 | D        | Killed a bag of meat
     7 | D        | Reached skill level 10 in Axes
     7 | D        | Reached XP level 2. HP: 49/49 MP: 2/2
     7 | D        | Reached XP level 3. HP: 55/55 MP: 3/3
     7 | D        | Reached XP level 4. HP: 63/63 MP: 4/4
     7 | D        | Reached XP level 5. HP: 69/69 MP: 5/5
     7 | D        | Reached XP level 6. HP: 76/76 MP: 6/6
     7 | D        | Reached XP level 7. HP: 83/83 MP: 7/7
     7 | D        | Reached XP level 8. HP: 90/90 MP: 8/8
     7 | D        | Reached XP level 9. HP: 96/96 MP: 9/9
     7 | D        | Reached XP level 10. HP: 104/104 MP: 10/10
     7 | D        | Reached XP level 11. HP: 110/110 MP: 11/11
     7 | D        | Reached XP level 12. HP: 117/117 MP: 12/12
     8 | D        | Noticed a meat berserker
     8 | D        | Noticed a meat berserker
     8 | D        | Noticed a meat berserker
     9 | D        | Killed a meat berserker
     9 | D        | Reached skill level 15 in Dodging
     9 | D        | Gained mutation: You can hop long distances. [Barachi growth]
     9 | D        | Reached XP level 13. HP: 135/135 MP: 13/13
     9 | D        | Reached XP level 14. HP: 143/143 MP: 14/14
     9 | D        | Killed a bag of meat
     9 | D        | Killed a bag of meat
     9 | D        | Reached XP level 15. HP: 156/156 MP: 15/15
    10 | D        | Reached skill level 27 in Fighting
    10 | D        | Reached XP level 16. HP: 167/167 MP: 16/16
    12 | D        | Killed a meat berserker
    12 | D        | Reached skill level 27 in Axes
    12 | D        | Reached skill level 27 in Dodging
    12 | D        | Reached XP level 17. HP: 120/174 MP: 17/17
    12 | D        | Killed a meat berserker
    12 | D        | Reached skill level 27 in Armour
    13 | D        | Killed a meat berserker
    13 | D        | Reached XP level 18. HP: 126/182 MP: 18/18
    14 | D        | Became a worshipper of Makhleb the Destroyer
    15 | D        | Reached skill level 27 in Unarmed Combat
    15 | D        | Reached skill level 5 in Throwing
    15 | D        | Reached skill level 5 in Stealth
    15 | D        | Reached skill level 5 in Spellcasting
    16 | D        | Noticed a meat berserker
    17 | D        | Noticed a meat berserker
    17 | D        | Noticed a large bag of meat
    17 | D        | Noticed a meat berserker
    18 | D        | Noticed a meat berserker
    18 | D        | Noticed a meat berserker
    18 | D        | Noticed a meat berserker
    18 | D        | Noticed a meat berserker
    19 | D        | Killed a meat berserker
    19 | D        | Reached * piety under Makhleb
    19 | D        | Reached skill level 10 in Invocations
    19 | D        | Reached XP level 19. HP: 133/189 MP: 18/34
    20 | D        | Noticed a meat berserker
    20 | D        | Noticed a meat berserker
    21 | D        | Noticed a meat berserker
    21 | D        | Noticed a meat berserker
    21 | D        | Killed a meat berserker
    23 | D        | Killed a meat berserker
    23 | D        | Reached skill level 15 in Invocations
    23 | D        | Reached XP level 20. HP: 80/197 MP: 19/40
    24 | D        | Noticed a destroyer
    24 | D        | Killed a meat berserker
    24 | D        | Reached ** piety under Makhleb
    25 | D        | Noticed a meat berserker
    25 | D        | Noticed a destroyer
    25 | D        | Noticed a large bag of meat
    25 | D        | Killed a meat berserker
    25 | D        | Reached XP level 21. HP: 163/204 MP: 20/44
    25 | D        | Killed a meat berserker
    26 | D        | Noticed a destroyer
    26 | D        | Reached *** piety under Makhleb
    26 | D        | Reached skill level 27 in Shields
    26 | D        | Killed a meat berserker
    27 | D        | Killed a meat berserker
    27 | D        | Reached XP level 22. HP: 212/212 MP: 20/50
    28 | D        | Reached **** piety under Makhleb
    29 | D        | Noticed a large bag of meat
    30 | D        | Noticed a large bag of meat
    30 | D        | Reached skill level 27 in Throwing
    30 | D        | Reached skill level 27 in Stealth
    30 | D        | Reached skill level 27 in Spellcasting
    30 | D        | Reached skill level 27 in Invocations
    30 | D        | Reached XP level 23. HP: 219/219 MP: 21/54
    30 | D        | Killed a destroyer
    30 | D        | Reached ***** piety under Makhleb
    31 | D        | Noticed a large bag of meat
    31 | D        | Reached XP level 24. HP: 227/227 MP: 21/54
    32 | D        | Noticed a large bag of meat
    32 | D        | Mangled by a meat berserker

Skill      XL: |  1  2  3  4  5  6  7  8  9 10 11 12 13 14 15 16 17 18 19 20 21 22 |
---------------+-------------------------------------------------------------------+-----
Fighting       | 18 23 25 27 | 27.0
Axes           | 10 17 21 24 27 | 27.0
Armour         | 18 21 27 | 27.0
Shields        | 17 19 23 25 27 | 27.0
Dodging        | 15 19 22 27 | 27.0
Unarmed Combat | 22 27 | 27.0
Throwing       | 11 16 19 24 27 | 27.0
Stealth        | 11 16 19 24 27 | 27.0
Spellcasting   | 11 16 19 24 27 | 27.0
Invocations    | 10 15 18 23 27 | 27.0

Action                   |  1- 3 |  4- 6 |  7- 9 | 10-12 | 13-15 | 16-18 | 19-21 | 22-24 || total
-------------------------+-------+-------+-------+-------+-------+-------+-------+-------++-------
Melee: Executioner's axe |     1 |       |       |     1 |     1 |     4 |     6 |     3 ||    16
 Abil: Hop               |       |       |       |       |       |     1 |       |       ||     1
Armor: Scale mail        |       |       |       |       |       |       |       |     3 ||     3
Dodge: Dodged            |       |       |       |       |       |     1 |     2 |       ||     3
